 Dungeon Crawl Stone Soup version 0.18.1-48-g4cf74bf (webtiles) character file.

150 Neosonic97 the Skirmisher (level 5, -5/48 HPs)
             Began as a Draconian Transmuter on Sept 8, 2016.
             Slain by a gnoll
             ... wielding a +0 flail
              (8 damage)
             ... on level 3 of the Dungeon.
             The game lasted 00:07:05 (2350 turns).

Neosonic97 the Skirmisher (Draconian Transmuter)    Turns: 2350, Time: 00:07:06

Health: -5/48      AC:  5    Str: 16    XL:     5   Next: 10%
Magic:  7/8        EV: 12    Int: 13    God:
Gold:   100        SH:  0    Dex: 12    Spells: 1 memorised, 7 levels left

rFire  . . .     SeeInvis .       - Unarmed
rCold  . . .     Gourm    .     (armour unavailable)
rNeg   . . .     Faith    .     (no shield)
rPois  .         Spirit   .     (helmet restricted)
rElec  .         Dismiss  .     (no cloak)
rCorr  .         Reflect  .     (no gloves)
SustAt .         Harm     .     (boots currently unavailable)
MR     .....                    (no amulet)
Stlth  ..........               n - +3 ring of strength
                                k - ring of loudness (curse)

@: appendage, not resistant to hostile enchantments, extremely unstealthy
A: unfitting armour, talons 3, cold-blooded, AC +5
a: End Transformation


You were on level 3 of the Dungeon.
You were hungry.
You had grown temporary talons.
You visited 1 branch of the dungeon, and saw 3 of its levels.

You collected 100 gold pieces.

Inventory:

Missiles
 a - 37 arrows
Jewellery
 e - an uncursed ring of teleportation
 k - a cursed ring of loudness (left hand)
 n - a +3 ring of strength (right hand)
 p - an uncursed ring of flight
Scrolls
 i - 2 scrolls of magic mapping
 l - a scroll of remove curse
 m - 3 scrolls of enchant weapon
 s - a scroll of fear
Potions
 d - 2 potions of haste {unknown}
 f - 2 potions of brilliance
 g - 2 potions of resistance
 h - a potion of might {unknown}
 j - a potion of berserk rage {unknown}
 o - 3 potions of curing {unknown}
 q - 2 potions of flight {unknown}
 u - a potion of heal wounds {unknown}
 v - 2 potions of lignification {unknown}
Books
 b - a book of Changes

   Spells                             Type                      Level
   a - Beastly Appendage              Transmutation                1
   b - Sticks to Snakes               Transmutation                2
   c - Spider Form                    Transmutation/Poison         3
   d - Ice Form                       Ice/Transmutation            4
   e - Blade Hands                    Transmutation                5
Comestibles
 c - 5 bread rations
 t - a meat ration
 w - 2 royal jellies


   Skills:
 * Level 5.2 Fighting
 - Level 1.8 Dodging
 - Level 3.1 Unarmed Combat
 - Level 2.0 Spellcasting
 - Level 2.2 Transmutations


You had 7 spell levels left.
You knew the following spells:

 Your Spells              Type           Power        Failure   Level  Hunger
a - Beastly Appendage     Trmt           #.....       12%         1    ##.....


Dungeon Overview and Level Annotations

Branches:
Dungeon (3/15)

Altars:
The Shining One


Innate Abilities, Weirdness & Mutations

Your plain brown scales are hard (AC +5).
Your body does not fit into most forms of armour.
You are cold-blooded and may be slowed by cold attacks.
You have claws for feet.


Message History

The gnoll hits you from afar with a spear.
The gnoll hits you with a flail. The gnoll barely misses you.
You hit the gnoll. Your kick misses the gnoll.
The gnoll is almost dead.
The gnoll closely misses you. The gnoll hits you with a flail!
You closely miss the gnoll.
The gnoll is almost dead.
The gnoll hits you with a club. The gnoll barely misses you.
The gnoll hits you with a flail!
* * * LOW HITPOINT WARNING * * *
You closely miss the gnoll. Your kick misses the gnoll.
You tail-slap the gnoll.
You kill the gnoll!
The gnoll hits you from afar with a spear.
* * * LOW HITPOINT WARNING * * *
The gnoll barely misses you. The gnoll hits you with a spear.
* * * LOW HITPOINT WARNING * * *
You see here a club.
The gnoll closely misses you. The gnoll hits you with a flail!
You die...

#...........#...........##
..#......##.####.#.######
#.#......# # #.#.#
#.#......# #.#.#
#.......## #.#.#
##...#..## #.#.#
##.......# #.#.#
#..##....# #.#..
...###...####.##@#.#
.#..##.....##..g)#
.##........####g...#
.####......# #......# .#
#......###......# ##
##.......#......#
#.....#.#......#
#.....#........#
###..####......#


You could see 2 gnolls.

Vanquished Creatures
  Jessica (D:2)
  Ijyb (D:3)
  A gnoll (D:3)
  3 adders
  An ooze (D:2)
  An adder skeleton (D:3)
  2 dart slugs (D:1)
  A giant gecko (D:1)
  5 orcs
  2 ball pythons (D:3)
  8 bats
  A giant cockroach (D:2)
  2 goblins
  6 hobgoblins
  4 giant newts
  3 kobolds
  7 rats
49 creatures vanquished.

Notes
Turn   | Place    | Note
--------------------------------------------------------------
     0 | D:1      | Neosonic97 the Draconian Transmuter began the quest for the Orb.
     0 | D:1      | Reached XP level 1. HP: 16/16 MP: 3/3
   150 | D:1      | Reached XP level 2. HP: 23/24 MP: 3/5
   170 | D:1      | Reached skill level 2 in Fighting
   387 | D:1      | Found a glowing golden altar of the Shining One.
   598 | D:2      | Reached XP level 3. HP: 14/30 MP: 6/6
   954 | D:2      | Noticed Jessica
   961 | D:2      | Killed Jessica
   961 | D:2      | Reached skill level 3 in Fighting
  1278 | D:2      | Reached XP level 4. HP: 40/40 MP: 5/7
  1370 | D:2      | Reached skill level 4 in Fighting
  1632 | D:3      | HP: 2/40 [hobgoblin (4)]
  1997 | D:3      | Found a faded altar to an unknown god.
  2200 | D:3      | Noticed Ijyb
  2220 | D:3      | Killed Ijyb
  2220 | D:3      | Reached skill level 5 in Fighting
  2240 | D:3      | Reached XP level 5. HP: 33/48 MP: 6/8
  2350 | D:3      | Slain by a gnoll

Skill      XL: |  1  2  3  4 |
---------------+-------------+-----
Fighting       | 2 3 5 |  5.2
Dodging        | |  1.8
Unarmed Combat | |  3.1
Spellcasting   | |  2.0
Transmutations | |  2.2

Action                   |  1- 3 |  4- 6 || total
-------------------------+-------+-------++-------
Melee: Unarmed           |    76 |   118 ||   194
       Headbutt          |     7 |     2 ||     9
       Kick              |     5 |    14 ||    19
       Tailslap          |     6 |    12 ||    18
       Punch             |       |     1 ||     1
 Cast: Beastly Appendage |    16 |    16 ||    32
  Use: Scroll            |     7 |     3 ||    10
  Eat: Chunk             |     2 |     3 ||     5
Armor: Skin              |    19 |    51 ||    70
Dodge: Dodged            |    63 |    90 ||   153
